IL
TIDEWATER TIDES @ SYRACUSE CHIEFS
05/28/1982
 
TOP OF THE 1ST
Tidewater Tides batting - Pitching for Syracuse Chiefs : RHP Ernie McAnally
Pitching: RHP Ernie McAnally
Batting: RHB Anthony Lachowetz 0-0: Ball
1-0: Called Strike
1-1: Ball
2-1: Foul Ball, location: 2F
2-2: Foul Ball, location: 2F
2-2: Foul Ball, location: 2F
2-2: Strikes out swinging
Batting: RHB German Rivera 0-0: Called Strike
0-1: Foul Ball, location: 2F
0-2: Foul Ball, location: 2F
0-2: Strikes out swinging
Batting: RHB Brad Komminsk 0-0: Called Strike
0-1: Ball
1-1: Foul Ball, location: 2F
1-2: Strikes out swinging
Top of the 1st over - 0 runs, 0 hits, 0 errors, 0 left on base; Tidewater 0 - Syracuse 0
BOTTOM OF THE 1ST
Syracuse Chiefs batting - Pitching for Tidewater Tides : RHP Bud Yanus
Pitching: RHP Bud Yanus
Batting: SHB Larry Lintz 0-0: Ball
1-0: Called Strike
1-1: Ball
2-1: Fly out, F2 (Popup, 3SF, EV 79.4 MPH)
Batting: RHB Phil Garner 0-0: Ground out 6-3 (Groundball, 6M, EV 103.8 MPH)
Batting: LHB Wayne Gross 0-0: Ball
1-0: Ground out 6-3 (Groundball, 6, EV 100.6 MPH)
Bottom of the 1st over - 0 runs, 0 hits, 0 errors, 0 left on base; Tidewater 0 - Syracuse 0
TOP OF THE 2ND
Tidewater Tides batting - Pitching for Syracuse Chiefs : RHP Ernie McAnally
Batting: LHB Dave Kable 0-0: Called Strike
0-1: Foul Ball, location: 2F
0-2: Strikes out looking
Batting: RHB Mike Rex 0-0: Ball
1-0: Called Strike
1-1: Foul Ball, location: 2F
1-2: Ball
2-2: Strikes out looking
Batting: RHB George Gomez 0-0: Ground out 6-3 (Groundball, 6, EV 92.5 MPH)
Top of the 2nd over - 0 runs, 0 hits, 0 errors, 0 left on base; Tidewater 0 - Syracuse 0
BOTTOM OF THE 2ND
Syracuse Chiefs batting - Pitching for Tidewater Tides : RHP Bud Yanus
Batting: RHB Jim G Wilson 0-0: SINGLE (Line Drive, 78S, EV 90.0 MPH)
Batting: LHB Darryl Strawberry 0-0: Fly out, F8 (Flyball, 8RM, EV 88.1 MPH)
Batting: RHB Fritzie Connally 0-0: Ball
1-0: Called Strike
1-1: Grounds into double play, 6-4-3 (Groundball, 6, EV 83.8 MPH)
Bottom of the 2nd over - 0 runs, 1 hit, 0 errors, 0 left on base; Tidewater 0 - Syracuse 0
TOP OF THE 3RD
Tidewater Tides batting - Pitching for Syracuse Chiefs : RHP Ernie McAnally
Batting: LHB Mike Martin 0-0: Foul Ball, location: 2F
0-1: Foul Ball, location: 2F
0-2: Foul Ball, location: 2F
0-2: Ball
1-2: Ball
2-2: Foul Ball, location: 2F
2-2: Fly out, F9 (Flyball, 9LM, EV 88.8 MPH)
Batting: SHB Julio Valdez 0-0: Called Strike
0-1: Ball
1-1: Ball
2-1: Called Strike
2-2: Ground out 5-3 (Groundball, 5S, EV 93.1 MPH)
Batting: RHB Steve Liddle 0-0: Called Strike
0-1: Ball
1-1: Ball
2-1: Called Strike
2-2: Ball
3-2: Fly out, F5 (Popup, 25F, EV 81.3 MPH)
Top of the 3rd over - 0 runs, 0 hits, 0 errors, 0 left on base; Tidewater 0 - Syracuse 0
BOTTOM OF THE 3RD
Syracuse Chiefs batting - Pitching for Tidewater Tides : RHP Bud Yanus
Batting: LHB Ray Cosey 0-0: Ground out 4-3 (Groundball, 4, EV 100.0 MPH)
Batting: LHB Jon Jimenez 0-0: Ball
1-0: Ground out 6-3 (Groundball, 6M, EV 98.1 MPH)
Batting: SHB Butch Wynegar 0-0: Ball
1-0: Swinging Strike
1-1: Ground out 4-3 (Groundball, 4M, EV 88.8 MPH)
Bottom of the 3rd over - 0 runs, 0 hits, 0 errors, 0 left on base; Tidewater 0 - Syracuse 0
TOP OF THE 4TH
Tidewater Tides batting - Pitching for Syracuse Chiefs : RHP Ernie McAnally
Batting: RHB Anthony Lachowetz 0-0: Swinging Strike
0-1: Ball
1-1: Foul Ball, location: 2F
1-2: Ball
2-2: Strikes out looking
Batting: RHB German Rivera 0-0: Called Strike
0-1: Ball
1-1: Ball
2-1: Fly out, F6 (Popup, P, EV 88.8 MPH)
Batting: RHB Brad Komminsk 0-0: Called Strike
0-1: Called Strike
0-2: Ball
1-2: Ground out U3 (Groundball, 3S, EV 68.8 MPH)
Top of the 4th over - 0 runs, 0 hits, 0 errors, 0 left on base; Tidewater 0 - Syracuse 0
BOTTOM OF THE 4TH
Syracuse Chiefs batting - Pitching for Tidewater Tides : RHP Bud Yanus
Batting: SHB Larry Lintz 0-0: Ground out 5-3 (Groundball, 56S, EV 66.3 MPH)
Batting: RHB Phil Garner 0-0: Called Strike
0-1: Fly out, F8 (Flyball, 78D, EV 96.3 MPH)
Batting: LHB Wayne Gross 0-0: Foul Ball, location: 2F
0-1: Ball
1-1: SINGLE (Flyball, 34D, EV 85.0 MPH)
Batting: RHB Jim G Wilson 0-0: Ball
1-0: Fielders Choice at 2nd, 5-4 (Groundball, 56, EV 84.4 MPH)
Bottom of the 4th over - 0 runs, 1 hit, 0 errors, 1 left on base; Tidewater 0 - Syracuse 0
TOP OF THE 5TH
Tidewater Tides batting - Pitching for Syracuse Chiefs : RHP Ernie McAnally
Batting: LHB Dave Kable 0-0: Ball
1-0: Foul Ball, location: 2F
1-1: Foul Ball, location: 2F
1-2: Ball
2-2: Ball
3-2: SOLO HOME RUN (Flyball, 89XD, EV 108.8 MPH), Distance : 428 ft
Batting: RHB Mike Rex 0-0: Called Strike
0-1: Foul Ball, location: 2F
0-2: Strikes out swinging
Batting: RHB George Gomez 0-0: Called Strike
0-1: Called Strike
0-2: Ball
1-2: Ball
2-2: Ball
3-2: Base on Balls
Batting: LHB Mike Martin 0-0: Foul Ball, location: 2F
0-1: Swinging Strike
0-2: Grounds into double play, 6-4-3 (Groundball, 6, EV 78.1 MPH)
Top of the 5th over - 1 run, 1 hit, 0 errors, 0 left on base; Tidewater 1 - Syracuse 0
BOTTOM OF THE 5TH
Syracuse Chiefs batting - Pitching for Tidewater Tides : RHP Bud Yanus
Batting: LHB Darryl Strawberry 0-0: Foul Ball, location: 2F
0-1: Ball
1-1: Foul Ball, location: 2F
1-2: Ball
2-2: Ball
3-2: Foul Ball, location: 2F
3-2: Fly out, F8 (Flyball, 8LD, EV 105.0 MPH)
Batting: RHB Fritzie Connally 0-0: Ball
1-0: Ground out 1-3 (Groundball, 13, EV 56.3 MPH)
Batting: LHB Ray Cosey 0-0: Called Strike
0-1: Ball
1-1: Ground out 4-3 (Groundball, 34, EV 85.0 MPH)
Bottom of the 5th over - 0 runs, 0 hits, 0 errors, 0 left on base; Tidewater 1 - Syracuse 0
TOP OF THE 6TH
Tidewater Tides batting - Pitching for Syracuse Chiefs : RHP Ernie McAnally
Batting: SHB Julio Valdez 0-0: Ball
1-0: Ball
2-0: Foul Ball, location: 2F
2-1: Ball
3-1: SINGLE (Groundball, 4M, EV 99.4 MPH) (infield hit)
Batting: RHB Steve Liddle 0-0: Ball
1-0: Ball
2-0: Bunted foul
2-1: Bunt missed!
2-2: Grounds into double play, 6-4-3 (Groundball, 6, EV 103.8 MPH)
Batting: RHB Anthony Lachowetz 0-0: Foul Ball, location: 2F
0-1: Called Strike
0-2: Fly out, F8 (Flyball, 8RXD, EV 81.3 MPH)
Top of the 6th over - 0 runs, 1 hit, 0 errors, 0 left on base; Tidewater 1 - Syracuse 0
BOTTOM OF THE 6TH
Syracuse Chiefs batting - Pitching for Tidewater Tides : RHP Bud Yanus
Batting: LHB Jon Jimenez 0-0: Called Strike
0-1: Foul Ball, location: 2F
0-2: Ground out 6-3 (Groundball, 6M, EV 78.1 MPH)
Batting: SHB Butch Wynegar 0-0: Ball
1-0: Ball
2-0: Ball
3-0: Base on Balls
Batting: SHB Larry Lintz 0-0: Foul Ball, location: 2F
0-1: Swinging Strike
0-2: Ball
1-2: Foul Ball, location: 2F
1-2: Strikes out swinging
Batting: RHB Phil Garner 0-0: Called Strike
0-1: Ball
1-1: Fly out, F9 (Line Drive, 9, EV 96.3 MPH)
Bottom of the 6th over - 0 runs, 0 hits, 0 errors, 1 left on base; Tidewater 1 - Syracuse 0
TOP OF THE 7TH
Tidewater Tides batting - Pitching for Syracuse Chiefs : RHP Ernie McAnally
Batting: RHB German Rivera 0-0: Called Strike
0-1: Foul Ball, location: 2F
0-2: Ball
1-2: Ground out 4-3 (Groundball, 4, EV 77.5 MPH)
Batting: RHB Brad Komminsk 0-0: Ball
1-0: DOUBLE (Line Drive, 9LD, EV 98.1 MPH)
Batting: LHB Dave Kable 0-0: Intentional Walk
Batting: RHB Mike Rex 0-0: Ball
Brad Komminsk steals 3rd base
1-0: Called Strike
1-1: Grounds into double play, 6-4-3 (Groundball, 6, EV 78.1 MPH)
Top of the 7th over - 0 runs, 1 hit, 0 errors, 1 left on base; Tidewater 1 - Syracuse 0
BOTTOM OF THE 7TH
Syracuse Chiefs batting - Pitching for Tidewater Tides : RHP Bud Yanus
Batting: LHB Wayne Gross 0-0: Swinging Strike
0-1: Fly out, F5 (Popup, 25F, EV 87.5 MPH)
Batting: RHB Jim G Wilson 0-0: Ball
1-0: Foul Ball, location: 2F
1-1: Foul Ball, location: 2F
1-2: DOUBLE (Flyball, 89XD, EV 105.0 MPH)
Batting: LHB Darryl Strawberry 0-0: Called Strike
0-1: Swinging Strike
0-2: Strikes out swinging
Batting: RHB Fritzie Connally 0-0: Ground out U3 (Groundball, 3S, EV 90.6 MPH)
Bottom of the 7th over - 0 runs, 1 hit, 0 errors, 1 left on base; Tidewater 1 - Syracuse 0
TOP OF THE 8TH
Tidewater Tides batting - Pitching for Syracuse Chiefs : RHP Ernie McAnally
Batting: RHB George Gomez 0-0: Called Strike
0-1: Ground out 5-3 (Groundball, 5, EV 94.4 MPH)
Batting: LHB Mike Martin 0-0: Ball
1-0: Called Strike
1-1: Foul Ball, location: 2F
1-2: Strikes out looking
Batting: SHB Julio Valdez 0-0: Foul Ball, location: 2F
0-1: Called Strike
0-2: Ball
1-2: Strikes out looking
Top of the 8th over - 0 runs, 0 hits, 0 errors, 0 left on base; Tidewater 1 - Syracuse 0
BOTTOM OF THE 8TH
Syracuse Chiefs batting - Pitching for Tidewater Tides : RHP Bud Yanus
Now in LF: Juan Garcia
Batting: LHB Ray Cosey 0-0: Ground out 6-3 (Groundball, 6, EV 88.1 MPH)
Batting: LHB Jon Jimenez 0-0: Swinging Strike
0-1: Ball
1-1: Ground out 4-3 (Groundball, 4, EV 85.6 MPH)
Batting: SHB Butch Wynegar 0-0: Ball
1-0: Ball
2-0: SINGLE (Line Drive, 7LM, EV 90.0 MPH)
Batting: SHB Larry Lintz 0-0: Ball
1-0: Foul Ball, location: 2F
1-1: Called Strike
1-2: Fly out, F3 (Popup, 3F, EV 76.3 MPH)
Bottom of the 8th over - 0 runs, 1 hit, 0 errors, 1 left on base; Tidewater 1 - Syracuse 0
TOP OF THE 9TH
Tidewater Tides batting - Pitching for Syracuse Chiefs : RHP Ernie McAnally
Pitching: RHP Mel Stottlemyre Sr
Batting: RHB Steve Liddle 0-0: Foul Ball, location: 2F
0-1: Called Strike
0-2: SINGLE (Line Drive, 4D, EV 96.9 MPH)
Batting: RHB Anthony Lachowetz 0-0: Ball
1-0: SINGLE (Line Drive, 89S, EV 91.3 MPH)
Steve Liddle to second
Runner from 2nd tries for 3rd, SAFE, no throw by RF
Batting: RHB German Rivera 0-0: Ball
1-0: Ball
2-0: Ground out 6-3 (Groundball, 6, EV 106.9 MPH)
Anthony Lachowetz to second
Batting: RHB Brad Komminsk 0-0: Ball
1-0: Called Strike
1-1: Ball
2-1: SINGLE (Groundball, 4M, EV 97.5 MPH)
Steve Liddle scores
Anthony Lachowetz to third
Runner from 3rd tries for Home, SAFE, throw by CF to home
Batting: LHB Dave Kable 0-0: Ball
1-0: Ball
Brad Komminsk steals 2nd base
2-0: Intentional Walk
Batting: RHB Mike Rex 0-0: Grounds into double play, 4-6-3 (Groundball, 4, EV 90.6 MPH)
Top of the 9th over - 2 runs, 3 hits, 0 errors, 1 left on base; Tidewater 3 - Syracuse 0
BOTTOM OF THE 9TH
Syracuse Chiefs batting - Pitching for Tidewater Tides : RHP Bud Yanus
Batting: RHB Phil Garner 0-0: Ball
1-0: Called Strike
1-1: Fly out, F3 (Flyball, 3D, EV 88.8 MPH)
Batting: LHB Wayne Gross 0-0: Foul Ball, location: 2F
0-1: Called Strike
0-2: Ground out 6-3 (Groundball, 6, EV 80.0 MPH)
Batting: RHB Jim G Wilson 0-0: Called Strike
0-1: Called Strike
0-2: Strikes out swinging
Bottom of the 9th over - 0 runs, 0 hits, 0 errors, 0 left on base; Tidewater 3 - Syracuse 0
Monday, August 3rd, 2020 - OOTP Baseball 21.5 Build 76